 Dungeon Crawl Stone Soup version 0.26-a0-651-gb41185065b (webtiles) character file.

Game seed: 11412597564411858552

211361 gbos the Thaumaturge (level 18, -7/141 HPs)
             Began as a Gnoll Hedge Wizard on Oct 23, 2020.
             Was an Initiate of Gozag.
             Mangled by a sea snake (22 damage)
             ... on level 3 of the Shoals.
             The game lasted 03:35:06 (69834 turns).

gbos the Thaumaturge (Gnoll Hedge Wizard)          Turns: 69834, Time: 03:35:07

Health: -7/141     AC: 16    Str: 17    XL:     18   Next: 88%
Magic:  36/36      EV: 21    Int: 32    God:    Gozag
Gold:   3440       SH: 13    Dex: 17    Spells: 2/45 levels left

rFire    + . .     SeeInvis .   a - +7 sceptre of Torment {pain, torment}
rCold    + . .     Faith    .   m - +0 kite shield {reflect}
rNeg     . . .     Spirit   .   r - +0 robe of the Meadowlark {-Tele rC+ MR+ Str+3}
rPois    .         Reflect  +   D - +1 helmet {Int+3}
rElec    +         Harm     .   F - +2 cloak {MR+}
rCorr    .         Rampage  .   L - +0 pair of gloves
MR       +++..     NoTele   +   o - +0 pair of boots
Stlth    +++++.....             c - amulet of magic regeneration
HPRegen  0.33/turn              v - +4 ring of protection
MPRegen  0.50/turn              x - ring "Iluom" {rElec rF+ Str+2 Int+6}

@: engulfed (cannot breathe)
A: distributed training, fangs 1, strong nose
}: 1/15 runes: serpentine
a: Potion Petition, Call Merchant, Bribe Branch, Renounce Religion


You were on level 3 of the Shoals.
You worshipped Gozag.
Gozag was most pleased with you.
You visited 7 branches of the dungeon, and saw 34 of its levels.

You collected 14316 gold pieces.
You spent 5408 gold pieces at shops.
You paid 5468 gold pieces to Gozag.


Innate Abilities, Weirdness & Mutations

Your experience applies equally to all skills.
You have very sharp teeth.
Your uncanny sense of smell can sniff out nearby items.


   Skills:
 + Level 12.4 Fighting
 + Level 12.4 Short Blades
 + Level 12.4 Long Blades
 + Level 12.4 Axes
 + Level 12.4 Maces & Flails
 + Level 12.4 Polearms
 + Level 12.4 Staves
 + Level 12.4 Slings
 + Level 12.4 Bows
 + Level 12.4 Crossbows
 + Level 12.4 Throwing
 + Level 12.4 Armour
 + Level 13.1 Dodging
 + Level 13.0 Stealth
 + Level 12.4 Shields
 + Level 12.4 Unarmed Combat
 + Level 14.0 Spellcasting
 + Level 10.9 Conjurations
 + Level 10.6 Hexes
 + Level 10.9 Summonings
 + Level 10.6 Necromancy
 + Level 10.9 Translocations
 + Level 10.6 Transmutations
 + Level 10.6 Fire Magic
 + Level 10.6 Ice Magic
 + Level 10.6 Air Magic
 + Level 10.6 Earth Magic
 + Level 10.6 Poison Magic
 + Level 13.4 Invocations
 + Level 12.4 Evocations


You had 2 spell levels left.
You knew the following spells:

 Your Spells              Type           Power        Failure   Level
b - Blink                 Tloc           N/A          1%          2
c - Mephitic Cloud        Conj/Pois/Air  ######..     1%          3
i - Borgnjor's Vile Clut  Necr/Erth      ######....   1%          5
u - Irradiate             Conj/Tmut      #######...   1%          5
w - Passage of Golubria   Tloc           N/A          1%          4
y - Ignition              Fire           ######....   92%         8
z - Shadow Creatures      Summ           N/A          4%          6
C - Freezing Cloud        Conj/Ice/Air   ######....   4%          6
X - Summon Lightning Spi  Summ/Air       #######.     1%          4

Your spell library contained the following spells:

 Spells                   Type           Power        Failure   Level
 Apportation              Tloc           ######       1%          1
 Corona                   Hex            ######.      1%          1
 Magic Dart               Conj           ####         1%          1
 Call Imp                 Summ           #######.     1%          2
 Poisonous Vapours        Pois/Air       ######       1%          2
 Searing Ray              Conj           ######       1%          2
 Slow                     Hex            ######..     1%          2
 Sublimation of Blood     Necr           ######....   1%          2
 Confusing Touch          Hex            ######..     1%          3
 Conjure Flame            Conj/Fire      #######.     1%          3
 Dazzling Flash           Conj/Hex       ######       1%          3
 Gell's Gravitas          Tloc           #######...   1%          3
 Inner Flame              Hex/Fire       ######..     1%          3
 Lesser Beckoning         Tloc           #######...   1%          3
 Portal Projectile        Hex/Tloc       ######       1%          3
 Static Discharge         Conj/Air       #######.     1%          3
 Teleport Other           Tloc           #######.     1%          3
 Tukima's Dance           Hex            ######..     1%          3
 Cause Fear               Hex            ######....   1%          4
 Fulminant Prism          Conj/Hex       #######...   1%          4
 Iskenderun's Mystic Bla  Conj/Tloc      #######.     1%          4
 Leda's Liquefaction      Hex/Erth       ######....   1%          4
 Petrify                  Tmut/Erth      ######..     1%          4
 Agony                    Necr           ######..     1%          5
 Alistair's Intoxication  Tmut/Pois      ######...    1%          5
 Fireball                 Conj/Fire      #######...   1%          5
 Lightning Bolt           Conj/Air       #######...   1%          5
 Metabolic Englaciation   Hex/Ice        ######....   1%          5
 Silence                  Hex/Air        ######....   1%          5
 Summon Demon             Summ           #######...   1%          5
 Summon Forest            Summ/Tloc      #######...   1%          5
 Summon Mana Viper        Hex/Summ       #######.     1%          5
 Yara's Violent Unravell  Hex/Tmut       ######....   1%          5
 Conjure Ball Lightning   Conj/Air       #######...   4%          6
 Death Channel            Necr           ######....   5%          6
 Invisibility             Hex            ######..     5%          6
 Summon Hydra             Summ           #######...   26%         7
 Shatter                  Erth           ######....   100%        9
 Tornado                  Air            ######....   100%        9

Inventory:

Hand Weapons
 a - the +7 sceptre of Torment (weapon) {pain, torment} In the hands of one skilled in necromantic magic, it inflicts extra damage on living creatures.
 b - a +2 hand crossbow of freezing
 H - a +2 flail of holy wrath
Missiles
 k - 29 silver javelins (quivered)
 A - 10 throwing nets {=f}
 E - 543 bolts
Armour
 i - the +0 ring mail "Harheutu" {rPois rC+}

   It protects you from cold.
   It protects you from poison.
 m - a +0 kite shield of reflection (worn)
 o - a +0 pair of boots (worn)
 r - the +0 robe of the Meadowlark (worn) {-Tele rC+ MR+ Str+3}

   It affects your strength (+3).
   It protects you from cold.
   It affects your resistance to hostile enchantments.
   It prevents most forms of teleportation.
 D - a +1 helmet of intelligence (worn)
 F - a +2 cloak of magic resistance (worn)
 L - a +0 pair of gloves (worn)
 T - a +1 ring mail of fire resistance
Jewellery
 c - an amulet of magic regeneration (around neck)
 v - a +4 ring of protection (left hand)
 w - an uncursed ring of positive energy
 x - the ring "Iluom" (right hand) {rElec rF+ Str+2 Int+6}

   [ring of intelligence]

   It affects your strength (+2).
   It affects your intelligence (+6).
   It protects you from fire.
   It insulates you from electricity.
 Q - an uncursed ring of protection from fire
 R - an uncursed ring of protection from cold
 V - an uncursed ring of see invisible
 W - an uncursed ring of protection from magic
Wands
 n - a wand of acid (7)
 C - a wand of flame (36)
 G - a wand of random effects (48)
 Y - a wand of digging (23)
Scrolls
 e - 4 scrolls of enchant armour
 f - 3 scrolls of amnesia
 q - 9 scrolls of teleportation {@r4}
 t - 2 scrolls of immolation {!r}
 y - 3 scrolls of enchant weapon
 I - 3 scrolls of magic mapping
 J - 3 scrolls of fog
 M - 9 scrolls of identify {@r1}
 O - 10 scrolls of remove curse
 U - 5 scrolls of fear
 X - 2 scrolls of blinking
Potions
 d - 2 potions of invisibility
 g - 3 potions of might
 h - 4 potions of haste {@q3}
 j - 4 potions of curing {@q1}
 l - 3 potions of cancellation
 p - a potion of heal wounds {@q2}
 s - 6 potions of lignification {!q}
 u - 7 potions of mutation {!q}
 z - 6 potions of brilliance
 B - 5 potions of flight
 N - 2 potions of berserk rage {!q}
 P - a potion of magic
 S - 2 potions of resistance
Miscellaneous
 K - a condenser vane (2/2)
 Z - a tin of tremorstones (3/3)

Dungeon Overview and Level Annotations

Branches:
Dungeon (15/15)            Temple (1/1) D:5            Lair (6/6) D:8
 Shoals (4/4) Lair:3        Snake (4/4) Lair:2        Slime (0/5) Lair:6
    Orc (2/2) D:11            Elf (0/3) Orc:2        Vaults (2/5) D:13
 Depths (0/5) D:15
  Crypt: Vaults:2-3

Altars:
Ashenzari
Cheibriados
Dithmenos
Elyvilon
Fedhas
Gozag
Hepliaklqana
Kikubaaqudgha
Makhleb
Nemelex Xobeh
Okawaru
Qazlal
Ru
Sif Muna
Trog
Uskayaw
Vehumet
Wu Jian
Xom
Yredelemnul
Zin
The Shining One
Beogh

Shops:
D:6 [   D:10 [   D:13 :=   Orc:2 ?!(}   Shoals:2 :   Snake:1 *   Snake:2 [
Vaults:1 *

Portals:
Pandemonium: Orc:2
Trove: D:15 (give +5 fire dragon scales)

Annotations:
D:10 2 runed translucent doors
D:14 Roxanne
Lair:1 exclusion: door
Lair:3 exclusion: door
Lair:5 Nessos

≈≈≈≈≈≈≈≈≈≈≈≈≈≈≈≈≈≈≈≈≈≈≈≈≈≈≈
≈≈≈≈≈≈≈≈≈≈≈≈≈≈≈≈≈≈≈≈≈≈≈≈≈≈≈
≈≈≈≈≈≈≈≈≈≈≈≈≈≈≈≈≈≈≈≈≈≈≈≈≈≈≈≈
≈≈≈≈≈≈≈≈≈≈≈≈≈≈≈≈≈≈≈≈≈≈≈≈≈≈≈≈≈≈≈≈≈
≈≈≈≈≈≈≈≈≈≈≈≈≈≈≈≈≈≈≈≈≈≈≈≈≈≈≈≈≈≈≈≈≈
≈≈≈≈≈≈≈≈≈≈≈≈≈≈≈≈≈≈≈≈≈≈≈≈≈≈≈≈≈≈≈≈≈
≈≈≈≈≈≈≈≈≈.≈≈≈≈≈≈≈≈≈≈≈≈≈≈≈≈≈≈≈≈≈≈≈
≈≈≈≈≈≈≈≈≈..≈≈≈≈SES≈(≈≈≈≈≈≈≈≈≈≈≈≈≈
≈≈≈≈≈≈.....≈≈≈.EgH..≈≈≈≈≈≈≈≈≈≈≈≈≈
≈≈(≈≈≈.....≈≈≈.S▒m....≈≈≈≈≈≈≈≈≈≈≈
≈≈≈≈≈≈≈≈≈..≈≈≈.▒▒▒▒.....<.≈≈≈≈≈≈≈
≈≈≈≈≈≈≈≈≈≈≈≈≈..▒ ▒▒▒..[.≈≈≈≈≈≈≈≈
..≈≈≈≈≈≈≈≈≈≈≈≈.▒▒ ▒▒...≈≈≈≈≈≈≈≈
..≈≈≈≈≈≈≈≈≈≈≈≈≈.▒▒▒▒▒▒...(..≈≈≈≈≈
▒..≈≈≈≈≈≈≈≈≈≈≈≈≈.....)▒▒▒▒▒.≈≈≈≈≈
▒...≈≈≈≈≈≈≈≈≈≈≈≈≈...▒▒▒ ▒.≈≈≈≈≈
▒▒.^≈≈≈≈≈≈≈≈≈≈≈≈≈..▒▒ ▒▒▒..≈≈≈≈


You could see 3 sea snakes, a merfolk aquamancer, a manticore and 2 water
elementals.


Message History

The manticore barely misses you. You block the water elemental's attack.
The water elemental closely misses you. The sea snake bites you!
* * * LOW HITPOINT WARNING * * *
Unknown command.
Use which ability? (? or * to list)
You cannot call out to Gozag while unable to breathe.
Okay, then.
You cannot read scrolls while unable to breathe!
* * * LOW HITPOINT WARNING * * *
Your lungs strain for air!
The sea snake completely misses you.
The sea snake bites you but does no damage.
The merfolk aquamancer casts a spell at you.
The shard of ice hits you!! You partially resist.
* * * LOW HITPOINT WARNING * * *
The sea snake barely misses you. The manticore completely misses you.
You block the manticore's attack. The manticore barely misses you.
The water elemental misses you. The water elemental hits you.
The sea snake bites you but does no damage.
* * * LOW HITPOINT WARNING * * *
Your lungs strain for air!
The sea snake bites you!!
You die...
Your body crumbles into a pile of gold.

Action                   |  1- 3 |  4- 6 |  7- 9 | 10-12 | 13-15 | 16-18 || total
-------------------------+-------+-------+-------+-------+-------+-------++-------
Melee: Dagger            |    33 |    15 |     4 |       |       |       ||    52
       Bite              |     7 |     4 |    15 |   109 |   170 |    58 ||   363
       Mace              |    30 |       |       |       |       |       ||    30
       Unarmed           |       |    14 |       |       |       |       ||    14
       Flail             |       |     7 |   189 |    54 |    64 |       ||   314
       Punch             |       |       |     3 |    22 |    37 |       ||    62
       Hand axe          |       |       |       |   532 |   308 |       ||   840
       Broad axe         |       |       |       |   156 |       |       ||   156
       Staff             |       |       |       |       |   152 |       ||   152
       Glaive            |       |       |       |       |   423 |     3 ||   426
       Eveningstar       |       |       |       |       |   245 |   443 ||   688
       Demon trident     |       |       |       |       |     6 |       ||     6
 Fire: Hunting sling     |    32 |   133 |    50 |       |       |       ||   215
       Shortbow          |       |       |   282 |   355 |   427 |       ||  1064
       Hand crossbow     |       |       |       |       |    15 |   708 ||   723
Throw: Stone             |    20 |       |    15 |       |       |       ||    35
       Boomerang         |       |       |       |     1 |       |       ||     1
 Cast: Magic Dart        |    54 |    20 |    38 |    19 |       |       ||   131
       Call Imp          |     1 |     7 |    27 |    26 |    12 |     6 ||    79
       Mephitic Cloud    |       |     1 |    10 |    14 |     6 |     4 ||    35
       Blink             |       |       |     3 |    28 |    31 |    18 ||    80
       Confusing Touch   |       |       |       |    52 |    14 |       ||    66
       Iskenderun's Myst |       |       |       |    64 |   130 |    25 ||   219
       Summon Lightning  |       |       |       |       |   122 |   202 ||   324
       Passage of Golubr |       |       |       |       |       |     7 ||     7
       Freezing Cloud    |       |       |       |       |       |    69 ||    69
       Shadow Creatures  |       |       |       |       |       |    13 ||    13
Invok: Potion Petition   |       |       |       |     5 |     1 |     4 ||    10
       Call Merchant     |       |       |       |       |       |     3 ||     3
Evoke: Wand              |       |       |     3 |     4 |     3 |     2 ||    12
       Condenser vane    |       |       |       |       |     1 |       ||     1
  Use: Scroll            |     1 |     2 |       |     9 |    23 |    10 ||    45
       Potion            |       |       |       |     8 |     3 |     4 ||    15
 Stab: Confused          |       |       |     3 |    50 |    17 |       ||    70
       Sleeping          |       |       |     1 |     6 |    19 |     5 ||    31
       Distracted        |       |       |     1 |       |    27 |     9 ||    37
Armor: Robe              |     5 |       |       |       |       |    36 ||    41
       Ring mail         |    13 |       |       |     6 |   478 |   189 ||   686
       Leather armour    |     4 |    34 |   200 |   335 |       |       ||   573
       Troll leather arm |       |       |       |       |       |     6 ||     6
Dodge: Dodged            |    81 |    84 |   304 |   714 |   959 |   525 ||  2667
Block: Buckler           |     2 |    13 |    20 |    43 |       |       ||    78
       Kite shield       |       |       |       |       |   121 |   504 ||   625
       Reflection        |       |       |       |       |       |    46 ||    46

Levels and vault maps discovered:
D:1:      dpeg_arrival_rooms_b, layout_loops_ring, minmay_misc_feat_cross,
          minmay_split_cup_small
D:2:      layout_loops_ring, tso_oasis_becter, overflow_temple_1_default,
          kennysheep_generic_room_10
D:3:      layout_basic, chequers_ecumenical_altar_twisty, fedhas_ov_isle_minmay,
          uniq_robin
D:4:      layout_cave_pools, grunt_temple_overflow_forces_of_nature,
          nicolae_overflow_crystal_walls, overflow_temple_1_default,
          serial_glass, glass_columns_b, glass_columns_c,
          kennysheep_generic_room_6
D:5:      layout_cave_pools, nicolae_gozag_seed_capital, zin_statuary,
          minmay_temple_entry_antechambers, minmay_a_box_with_orc_wizards_in_it
D:6:      layout_basic, serial_shops, shop, glass_columns_a, uniq_pikel
D:7:      layout_basic, lemuel_crystal_altar, kennysheep_mini_moat, uniq_duvessa
D:8:      layout_basic, marbit_many_paths, lair_entry_dummy
D:9:      layout_roguey, okawaru_altar_gauntlet_db, demons_altar,
          minmay_crystal_water
D:10:     layout_stronghold, serial_shops, shop, minmay_hollow_rounded_squares
D:11:     layout_stronghold, minmay_orc_entry_temple_small,
          kennysheep_cross_bottleneck, wad_dig_loot, uniq_snorg
D:12:     layout_rooms, nicolae_dithmenos_the_darkroom
D:13:     fort_yaktaur, layout_layer_cave, erik_vaults_1, serial_shops, shop,
          solitary_fountain, minmay_lindwurm_lava, uniq_erolcha
D:14:     layout_small_grid, hangedman_decor_points, chequers_arboretum,
          minivault_26, uniq_roxanne
D:15:     gammafunk_depths_entry_grave, layout_irregular_city,
          portal_ice_cave_rime, serial_rivers, chequers_serial_rivers_micro_d,
          chequers_serial_rivers_micro_c, chequers_serial_rivers_large_a,
          chequers_serial_rivers_room_a, chequers_serial_rivers_micro_b,
          chequers_serial_rivers_small_3, nicolae_trove_entry_path_of_doom,
          einodemon_barbed_minivault
Temple:   jpeg_temple_island
Lair:1:   layout_loops_ring, grunt_forest_large_clearing_hut,
          grunt_megastairs_4, infiniplex_staircase_pool
Lair:2:   layout_loops_ring, guppyfry_snake_entry_garden
Lair:3:   layout_cave_pods, elwin_shoals_entry_rooms
Lair:4:   layout_roguey
Lair:5:   layout_small_grid, uniq_nessos
Lair:6:   cheibrodos_lair_end_hotspot, layout_loops_ring,
          dpeg_slime_entry_corner
Shoals:1: layout_shoals, overgrown_hall
Shoals:2: layout_shoals, nicolae_shoals_c_island
Shoals:3: layout_shoals, nicolae_shoals_loop_pool
Shoals:4: shoals_end_grunt_ice, layout_shoals, nicolae_shoals_this_corrosion
Snake:1:  layout_rooms
Snake:2:  layout_rooms, special_room, serial_shops, shop, uniq_aizul
Snake:3:  layout_cave_shapes
Snake:4:  minmay_snake_end_coiled, layout_cave_town, serial_bayou_shore_a
Orc:1:    layout_caves
Orc:2:    pf_orc_diabolical, layout_caves, basic_altar, minmay_orc_keep
Vaults:1: hangedman_vaults_slice, hangedman_vaults_corner,
          nicolae_vaults_triangles, grunt_vaults_diagonal,
          nicolae_vaults_shelves_hall, v_misc_31, ontoclasm_vaults_gateway,
          nicolae_vaults_little_squares_5, nicolae_vaults_little_squares_6,
          ontoclasm_vaults_ring_large, vaults_mumra_minichess_inversion,
          v_misc_14, vaults_room_fancy_cross, layout_vaults_maze_snakey,
          uniq_donald
Vaults:2: v_misc_29, v_rooms_2, v_misc_17, vaults_room_corners,
          nicolae_vaults_little_squares_6, vaults_room_grunt_arrival_ludios,
          v_misc_3, v_pattern_1, layout_vaults_omnibox

Notes
Turn   | Place    | Note
-------+----------+-------------------------------------------
     0 | D:1      | gbos the Gnoll Hedge Wizard began the quest for the Orb.
     0 | D:1      | Reached XP level 1. HP: 13/13 MP: 8/8
   168 | D:1      | Reached skill level 2 in Conjurations
   168 | D:1      | Reached skill level 2 in Summonings
   168 | D:1      | Reached skill level 2 in Translocations
   417 | D:1      | Reached XP level 2. HP: 19/19 MP: 7/10
  1151 | D:1      | Reached XP level 3. HP: 21/25 MP: 9/11
  1334 | D:2      | Learned a level 2 spell: Blink
  1683 | D:2      | Reached skill level 1 in Invocations
  1702 | D:2      | Learned a level 2 spell: Call Imp
  1730 | D:2      | Found a sparkling altar of Nemelex Xobeh.
  2091 | D:2      | Reached skill level 1 in Fighting
  2091 | D:2      | Reached skill level 1 in Short Blades
  2091 | D:2      | Reached skill level 1 in Long Blades
  2091 | D:2      | Reached skill level 1 in Axes
  2091 | D:2      | Reached skill level 1 in Maces & Flails
  2091 | D:2      | Reached skill level 1 in Polearms
  2091 | D:2      | Reached skill level 1 in Staves
  2091 | D:2      | Reached skill level 1 in Slings
  2091 | D:2      | Reached skill level 1 in Bows
  2091 | D:2      | Reached skill level 1 in Crossbows
  2091 | D:2      | Reached skill level 1 in Throwing
  2091 | D:2      | Reached skill level 1 in Armour
  2091 | D:2      | Reached skill level 1 in Shields
  2091 | D:2      | Reached skill level 1 in Unarmed Combat
  2091 | D:2      | Reached skill level 1 in Evocations
  2095 | D:2      | Noticed a bullfrog
  2173 | D:2      | Killed a bullfrog
  2173 | D:2      | Reached skill level 1 in Hexes
  2173 | D:2      | Reached skill level 1 in Necromancy
  2173 | D:2      | Reached skill level 1 in Transmutations
  2173 | D:2      | Reached skill level 1 in Fire Magic
  2173 | D:2      | Reached skill level 1 in Ice Magic
  2173 | D:2      | Reached skill level 1 in Air Magic
  2173 | D:2      | Reached skill level 1 in Earth Magic
  2173 | D:2      | Reached skill level 1 in Poison Magic
  2173 | D:2      | Reached XP level 4. HP: 32/32 MP: 10/13
  2251 | D:2      | Found a glowing golden altar of the Shining One.
  2544 | D:3      | Found a faded altar of an unknown god.
  2599 | D:3      | Reached XP level 5. HP: 36/37 MP: 8/14
  2638 | D:3      | Noticed Robin
  2662 | D:3      | Killed Robin
  3161 | D:3      | Found a blossoming altar of Fedhas.
  3571 | D:4      | Found a bloodstained altar of Trog.
  3608 | D:4      | Learned a level 3 spell: Mephitic Cloud
  3648 | D:4      | Noticed an ogre
  3695 | D:4      | Killed an ogre
  3695 | D:4      | Reached skill level 5 in Dodging
  3695 | D:4      | Reached skill level 2 in Invocations
  3695 | D:4      | Reached XP level 6. HP: 44/44 MP: 12/16
  3710 | D:4      | Reached skill level 2 in Fighting
  3710 | D:4      | Reached skill level 2 in Short Blades
  3710 | D:4      | Reached skill level 2 in Long Blades
  3710 | D:4      | Reached skill level 2 in Axes
  3710 | D:4      | Reached skill level 2 in Maces & Flails
  3710 | D:4      | Reached skill level 2 in Polearms
  3710 | D:4      | Reached skill level 2 in Staves
  3710 | D:4      | Reached skill level 2 in Slings
  3710 | D:4      | Reached skill level 2 in Bows
  3710 | D:4      | Reached skill level 2 in Crossbows
  3710 | D:4      | Reached skill level 2 in Throwing
  3710 | D:4      | Reached skill level 2 in Armour
  3710 | D:4      | Reached skill level 2 in Shields
  3710 | D:4      | Reached skill level 2 in Unarmed Combat
  3710 | D:4      | Reached skill level 2 in Evocations
  3732 | D:4      | Found a hide-covered altar of Uskayaw.
  3869 | D:4      | Noticed a phantom
  3924 | D:4      | Killed a phantom
  4086 | D:4      | Found a blossoming altar of Fedhas.
  4087 | D:4      | Found a stormy altar of Qazlal.
  4143 | D:5      | Entered Level 5 of the Dungeon
  4186 | D:5      | Found a staircase to the Ecumenical Temple.
  4195 | Temple   | Entered the Ecumenical Temple
  4454 | D:5      | Reached XP level 7. HP: 48/50 MP: 18/18
  4470 | D:5      | Found an opulent altar of Gozag.
  4672 | D:5      | Became a worshipper of Gozag Ym Sagoz the Greedy
  5011 | D:5      | Reached skill level 2 in Hexes
  5011 | D:5      | Reached skill level 2 in Necromancy
  5011 | D:5      | Reached skill level 2 in Transmutations
  5011 | D:5      | Reached skill level 2 in Fire Magic
  5011 | D:5      | Reached skill level 2 in Ice Magic
  5011 | D:5      | Reached skill level 2 in Air Magic
  5011 | D:5      | Reached skill level 2 in Earth Magic
  5011 | D:5      | Reached skill level 2 in Poison Magic
  5014 | D:5      | Reached skill level 3 in Conjurations
  5014 | D:5      | Reached skill level 3 in Summonings
  5014 | D:5      | Reached skill level 3 in Translocations
  5247 | D:5      | Reached skill level 5 in Stealth
  5247 | D:5      | Reached skill level 3 in Invocations
  5696 | D:5      | Found a glowing silver altar of Zin.
  5823 | D:6      | Reached XP level 8. HP: 34/57 MP: 17/19
  5956 | D:6      | Noticed Pikel
  5959 | D:6      | Killed Pikel
  5959 | D:6      | Reached skill level 3 in Fighting
  5959 | D:6      | Reached skill level 3 in Short Blades
  5959 | D:6      | Reached skill level 3 in Long Blades
  5959 | D:6      | Reached skill level 3 in Axes
  5959 | D:6      | Reached skill level 3 in Maces & Flails
  5959 | D:6      | Reached skill level 3 in Polearms
  5959 | D:6      | Reached skill level 3 in Staves
  5959 | D:6      | Reached skill level 3 in Slings
  5959 | D:6      | Reached skill level 3 in Bows
  5959 | D:6      | Reached skill level 3 in Crossbows
  5959 | D:6      | Reached skill level 3 in Throwing
  5959 | D:6      | Reached skill level 3 in Armour
  5959 | D:6      | Reached skill level 3 in Shields
  5959 | D:6      | Reached skill level 3 in Unarmed Combat
  5959 | D:6      | Reached skill level 8 in Spellcasting
  5959 | D:6      | Reached skill level 3 in Evocations
  6422 | D:6      | Found Ycha's Antique Armour Shoppe.
  6446 | D:6      | Bought a runed leather armour for 105 gold pieces
  6544 | D:6      | Reached skill level 4 in Invocations
  6572 | D:6      | Reached skill level 3 in Hexes
  6572 | D:6      | Reached skill level 3 in Necromancy
  6572 | D:6      | Reached skill level 3 in Transmutations
  6572 | D:6      | Reached skill level 3 in Fire Magic
  6572 | D:6      | Reached skill level 3 in Ice Magic
  6572 | D:6      | Reached skill level 3 in Air Magic
  6572 | D:6      | Reached skill level 3 in Earth Magic
  6572 | D:6      | Reached skill level 3 in Poison Magic
  7139 | D:6      | Reached skill level 6 in Dodging
  7433 | D:6      | Reached XP level 9. HP: 39/65 MP: 15/21
  7910 | D:6      | Reached skill level 4 in Fighting
  7910 | D:6      | Reached skill level 4 in Short Blades
  7910 | D:6      | Reached skill level 4 in Long Blades
  7910 | D:6      | Reached skill level 4 in Axes
  7910 | D:6      | Reached skill level 4 in Maces & Flails
  7910 | D:6      | Reached skill level 4 in Polearms
  7910 | D:6      | Reached skill level 4 in Staves
  7910 | D:6      | Reached skill level 4 in Slings
  7910 | D:6      | Reached skill level 4 in Bows
  7910 | D:6      | Reached skill level 4 in Crossbows
  7910 | D:6      | Reached skill level 4 in Throwing
  7910 | D:6      | Reached skill level 4 in Armour
  7910 | D:6      | Reached skill level 4 in Shields
  7910 | D:6      | Reached skill level 4 in Unarmed Combat
  7910 | D:6      | Reached skill level 4 in Conjurations
  7910 | D:6      | Reached skill level 4 in Summonings
  7910 | D:6      | Reached skill level 4 in Translocations
  7910 | D:6      | Reached skill level 4 in Evocations
  8078 | D:7      | Found a snail-covered altar of Cheibriados.
  8180 | D:7      | Reached skill level 6 in Stealth
  8313 | D:7      | Noticed Dowan
  8415 | D:7      | Noticed Duvessa
  8845 | D:7      | Killed Duvessa
  8861 | D:7      | Killed Dowan
  8945 | D:7      | Found an ornate altar of the Wu Jian Council.
  9171 | D:8      | Reached skill level 5 in Invocations
  9642 | D:8      | Reached XP level 10. HP: 45/73 MP: 22/22
  9676 | D:8      | Reached skill level 4 in Hexes
  9676 | D:8      | Reached skill level 4 in Necromancy
  9676 | D:8      | Reached skill level 4 in Transmutations
  9676 | D:8      | Reached skill level 4 in Fire Magic
  9676 | D:8      | Reached skill level 4 in Ice Magic
  9676 | D:8      | Reached skill level 4 in Air Magic
  9676 | D:8      | Reached skill level 4 in Earth Magic
  9676 | D:8      | Reached skill level 4 in Poison Magic
  9774 | D:8      | Found a hazy altar of Hepliaklqana.
 10482 | D:9      | Found a burning altar of Makhleb.
 10508 | D:9      | Reached skill level 5 in Fighting
 10508 | D:9      | Reached skill level 5 in Short Blades
 10508 | D:9      | Reached skill level 5 in Long Blades
 10508 | D:9      | Reached skill level 5 in Axes
 10508 | D:9      | Reached skill level 5 in Maces & Flails
 10508 | D:9      | Reached skill level 5 in Polearms
 10508 | D:9      | Reached skill level 5 in Staves
 10508 | D:9      | Reached skill level 5 in Slings
 10508 | D:9      | Reached skill level 5 in Bows
 10508 | D:9      | Reached skill level 5 in Crossbows
 10508 | D:9      | Reached skill level 5 in Throwing
 10508 | D:9      | Reached skill level 5 in Armour
 10508 | D:9      | Reached skill level 5 in Shields
 10508 | D:9      | Reached skill level 5 in Unarmed Combat
 10508 | D:9      | Reached skill level 5 in Evocations
 10912 | D:9      | Found an iron altar of Okawaru.
 11347 | D:8      | Found a staircase to the Lair.
 11806 | D:8      | Found a staircase to the Lair.
 12027 | D:8      | Found a hazy altar of Hepliaklqana.
 12367 | D:10     | Entered Level 10 of the Dungeon
 12690 | D:10     | Reached skill level 7 in Dodging
 12923 | D:10     | Noticed a two-headed ogre
 12942 | D:10     | Killed a two-headed ogre
 12942 | D:10     | Reached skill level 9 in Spellcasting
 12942 | D:10     | Reached skill level 5 in Conjurations
 12942 | D:10     | Reached skill level 5 in Summonings
 12942 | D:10     | Reached skill level 5 in Translocations
 13100 | D:10     | Reached skill level 6 in Invocations
 13161 | D:10     | Reached skill level 7 in Stealth
 13594 | D:10     | Found Jefesosh's Armour Emporium.
 13639 | D:10     | Found a large runed translucent door.
 13639 | D:10     | Found a large runed translucent door.
 13645 | D:10     | Noticed a two-headed ogre
 13647 | D:10     | Found the +8 glaive of the Guard {elec, +Rage AC+5 SInv}
 13673 | D:10     | Killed an unseen horror
 14144 | D:10     | Found a large runed translucent door.
 14144 | D:10     | Found a large runed translucent door.
 14178 | D:10     | Noticed a two-headed ogre
 14189 | D:10     | Noticed a gargoyle
 14192 | D:10     | Killed a two-headed ogre
 14192 | D:10     | Reached XP level 11. HP: 69/81 MP: 19/24
 14214 | D:10     | HP: 20/81 [gargoyle/+0 flail (12)]
 14523 | Lair:1   | Entered Level 1 of the Lair of Beasts
 14597 | Lair:1   | Reached skill level 6 in Fighting
 14597 | Lair:1   | Reached skill level 6 in Short Blades
 14597 | Lair:1   | Reached skill level 6 in Long Blades
 14597 | Lair:1   | Reached skill level 6 in Axes
 14597 | Lair:1   | Reached skill level 6 in Maces & Flails
 14597 | Lair:1   | Reached skill level 6 in Polearms
 14597 | Lair:1   | Reached skill level 6 in Staves
 14597 | Lair:1   | Reached skill level 6 in Slings
 14597 | Lair:1   | Reached skill level 6 in Bows
 14597 | Lair:1   | Reached skill level 6 in Crossbows
 14597 | Lair:1   | Reached skill level 6 in Throwing
 14597 | Lair:1   | Reached skill level 6 in Armour
 14597 | Lair:1   | Reached skill level 6 in Shields
 14597 | Lair:1   | Reached skill level 6 in Unarmed Combat
 14597 | Lair:1   | Reached skill level 6 in Evocations
 14764 | Lair:1   | Reached skill level 5 in Hexes
 14764 | Lair:1   | Reached skill level 5 in Necromancy
 14764 | Lair:1   | Reached skill level 5 in Transmutations
 14764 | Lair:1   | Reached skill level 5 in Fire Magic
 14764 | Lair:1   | Reached skill level 5 in Ice Magic
 14764 | Lair:1   | Reached skill level 5 in Air Magic
 14764 | Lair:1   | Reached skill level 5 in Earth Magic
 14764 | Lair:1   | Reached skill level 5 in Poison Magic
 14996 | D:8      | Learned a level 3 spell: Confusing Touch
 15445 | Lair:1   | HP: 24/81 [yak (9)]
 16306 | Lair:1   | Noticed a five-headed hydra
 16323 | Lair:1   | HP: 20/81 [three-headed hydra (9)]
 16705 | Lair:1   | Reached skill level 7 in Invocations
 16748 | Lair:1   | Reached skill level 8 in Dodging
 17007 | Lair:1   | HP: 13/83 [cane toad (15)]
 17017 | Lair:2   | HP: 19/83 [hippogriff (5)]
 17021 | Lair:2   | HP: 8/83 [hippogriff (8)]
 17050 | Lair:1   | HP: 19/83 [spriggan/+1 short sword of venom (12)]
 17055 | Lair:1   | HP: 20/83 [poisoned by a spriggan]
 17062 | Lair:1   | HP: 21/83 [two-headed hydra (5)]
 17063 | Lair:1   | HP: 10/83 [poisoned by a spriggan]
 17098 | Lair:1   | HP: 11/83 [crocodile (18)]
 17432 | D:8      | Killed a one-headed hydra
 17588 | D:8      | Reached skill level 6 in Conjurations
 17588 | D:8      | Reached skill level 6 in Summonings
 17588 | D:8      | Reached skill level 6 in Translocations
 17736 | Lair:1   | Reached skill level 8 in Stealth
 17897 | Lair:2   | Noticed a four-headed hydra
 18003 | Lair:2   | HP: 14/83 [four-headed hydra (11)]
 18375 | Lair:2   | Learned a level 4 spell: Iskenderun's Mystic Blast
 18575 | Lair:2   | Reached XP level 12. HP: 80/89 MP: 13/25
 18948 | Lair:1   | Reached skill level 10 in Spellcasting
 19174 | Lair:1   | Reached skill level 7 in Fighting
 19174 | Lair:1   | Reached skill level 7 in Short Blades
 19174 | Lair:1   | Reached skill level 7 in Long Blades
 19174 | Lair:1   | Reached skill level 7 in Axes
 19174 | Lair:1   | Reached skill level 7 in Maces & Flails
 19174 | Lair:1   | Reached skill level 7 in Polearms
 19174 | Lair:1   | Reached skill level 7 in Staves
 19174 | Lair:1   | Reached skill level 7 in Slings
 19174 | Lair:1   | Reached skill level 7 in Bows
 19174 | Lair:1   | Reached skill level 7 in Crossbows
 19174 | Lair:1   | Reached skill level 7 in Throwing
 19174 | Lair:1   | Reached skill level 7 in Armour
 19174 | Lair:1   | Reached skill level 7 in Shields
 19174 | Lair:1   | Reached skill level 7 in Unarmed Combat
 19174 | Lair:1   | Reached skill level 7 in Evocations
 19546 | Lair:2   | Found a staircase to the Snake Pit.
 20133 | Lair:3   | Noticed a six-headed hydra
 20162 | Lair:3   | Killed a one-headed hydra
 20311 | Lair:3   | Reached skill level 6 in Hexes
 20311 | Lair:3   | Reached skill level 6 in Necromancy
 20311 | Lair:3   | Reached skill level 6 in Transmutations
 20311 | Lair:3   | Reached skill level 6 in Fire Magic
 20311 | Lair:3   | Reached skill level 6 in Ice Magic
 20311 | Lair:3   | Reached skill level 6 in Air Magic
 20311 | Lair:3   | Reached skill level 6 in Earth Magic
 20311 | Lair:3   | Reached skill level 6 in Poison Magic
 20364 | Lair:3   | HP: 17/91 [cane toad (12)]
 20371 | Lair:3   | HP: 27/91 [cane toad (10)]
 20372 | Lair:3   | HP: 9/91 [cane toad (18)]
 20759 | Lair:3   | Reached skill level 8 in Invocations
 21832 | Lair:3   | Found a staircase to the Shoals.
 21866 | Lair:3   | HP: 19/91 [merfolk/+0 trident (9)]
 22537 | D:6      | Bought an encrusted ring mail for 189 gold pieces
 22547 | D:6      | Identified the +1 ring mail "Kodyarun" {rPois rCorr Str-4
                  | Stlth+} (You bought it in a shop on level 6 of the Dungeon)
 22547 | D:6      | Bought a fine ring mail for 189 gold pieces
 22547 | D:6      | Bought an embroidered cloak for 157 gold pieces
 22567 | D:6      | Identified the cursed +0 ring mail "Harheutu" {rPois rC+}
                  | (You bought it in a shop on level 6 of the Dungeon)
 22852 | Lair:2   | Killed a ten-headed hydra
 23144 | Lair:4   | Reached skill level 9 in Dodging
 23415 | Lair:4   | Noticed an eight-headed hydra
 23543 | Lair:4   | Killed an eight-headed hydra
 23543 | Lair:4   | Reached XP level 13. HP: 98/98 MP: 18/27
 23608 | Lair:4   | Reached skill level 9 in Stealth
 23834 | Lair:4   | Reached skill level 7 in Conjurations
 23834 | Lair:4   | Reached skill level 7 in Summonings
 23834 | Lair:4   | Reached skill level 7 in Translocations
 24472 | Lair:5   | Reached skill level 8 in Fighting
 24472 | Lair:5   | Reached skill level 8 in Short Blades
 24472 | Lair:5   | Reached skill level 8 in Long Blades
 24472 | Lair:5   | Reached skill level 8 in Axes
 24472 | Lair:5   | Reached skill level 8 in Maces & Flails
 24472 | Lair:5   | Reached skill level 8 in Polearms
 24472 | Lair:5   | Reached skill level 8 in Staves
 24472 | Lair:5   | Reached skill level 8 in Slings
 24472 | Lair:5   | Reached skill level 8 in Bows
 24472 | Lair:5   | Reached skill level 8 in Crossbows
 24472 | Lair:5   | Reached skill level 8 in Throwing
 24472 | Lair:5   | Reached skill level 8 in Armour
 24472 | Lair:5   | Reached skill level 8 in Shields
 24472 | Lair:5   | Reached skill level 8 in Unarmed Combat
 24472 | Lair:5   | Reached skill level 8 in Evocations
 24745 | Lair:5   | Noticed Nessos
 25168 | Lair:6   | Entered Level 6 of the Lair of Beasts
 25597 | Lair:6   | Reached skill level 9 in Invocations
 26423 | Lair:4   | Reached skill level 7 in Hexes
 26423 | Lair:4   | Reached skill level 7 in Necromancy
 26423 | Lair:4   | Reached skill level 7 in Transmutations
 26423 | Lair:4   | Reached skill level 7 in Fire Magic
 26423 | Lair:4   | Reached skill level 7 in Ice Magic
 26423 | Lair:4   | Reached skill level 7 in Air Magic
 26423 | Lair:4   | Reached skill level 7 in Earth Magic
 26423 | Lair:4   | Reached skill level 7 in Poison Magic
 27087 | Lair:5   | HP: 24/99 [death yak (23)]
 27908 | Lair:5   | Reached skill level 11 in Spellcasting
 28977 | Lair:5   | HP: 29/99 [poisoned by a cane toad]
 28983 | Lair:5   | HP: 29/99 [poisoned by a cane toad]
 28991 | Lair:5   | HP: 29/99 [poisoned by a cane toad]
 30910 | Lair:5   | Reached XP level 14. HP: 83/106 MP: 15/29
 31234 | Lair:5   | HP: 21/106 [komodo dragon (25)]
 31711 | Lair:6   | Reached skill level 10 in Dodging
 32424 | Lair:6   | Found a staircase to the Slime Pits.
 32630 | Lair:6   | Found a large runed translucent door.
 32874 | Lair:6   | Reached skill level 9 in Fighting
 32874 | Lair:6   | Reached skill level 9 in Short Blades
 32874 | Lair:6   | Reached skill level 9 in Long Blades
 32874 | Lair:6   | Reached skill level 9 in Axes
 32874 | Lair:6   | Reached skill level 9 in Maces & Flails
 32874 | Lair:6   | Reached skill level 9 in Polearms
 32874 | Lair:6   | Reached skill level 9 in Staves
 32874 | Lair:6   | Reached skill level 9 in Slings
 32874 | Lair:6   | Reached skill level 9 in Bows
 32874 | Lair:6   | Reached skill level 9 in Crossbows
 32874 | Lair:6   | Reached skill level 9 in Throwing
 32874 | Lair:6   | Reached skill level 9 in Armour
 32874 | Lair:6   | Reached skill level 9 in Shields
 32874 | Lair:6   | Reached skill level 9 in Unarmed Combat
 32874 | Lair:6   | Reached skill level 9 in Evocations
 33066 | Lair:6   | Found a large runed translucent door.
 33639 | D:10     | Learned a level 4 spell: Summon Lightning Spire
 33775 | D:11     | Reached skill level 10 in Stealth
 34178 | D:11     | Noticed Snorg
 34268 | D:11     | Found a staircase to the Orcish Mines.
 34311 | D:11     | Found a roughly hewn altar of Beogh.
 34370 | D:11     | Killed Snorg
 34724 | D:11     | Reached skill level 8 in Conjurations
 34724 | D:11     | Reached skill level 8 in Summonings
 34724 | D:11     | Reached skill level 8 in Translocations
 35223 | D:12     | Reached skill level 10 in Invocations
 35939 | D:12     | Found a shadowy altar of Dithmenos.
 36781 | D:13     | HP: 32/108 [yak (9)]
 36834 | D:13     | HP: 24/108 [yaktaur/bolt (11)]
 37290 | D:13     | Found a gate to the Vaults.
 37754 | D:13     | Reached skill level 8 in Hexes
 37754 | D:13     | Reached skill level 8 in Necromancy
 37754 | D:13     | Reached skill level 8 in Transmutations
 37754 | D:13     | Reached skill level 8 in Fire Magic
 37754 | D:13     | Reached skill level 8 in Ice Magic
 37754 | D:13     | Reached skill level 8 in Air Magic
 37754 | D:13     | Reached skill level 8 in Earth Magic
 37754 | D:13     | Reached skill level 8 in Poison Magic
 38186 | D:13     | Noticed Erolcha
 38203 | D:13     | Killed Erolcha
 39063 | D:13     | Found Ynyil's Jewellery Shoppe.
 39268 | D:13     | Reached XP level 15. HP: 99/115 MP: 26/30
 39696 | D:13     | Found the +7 sceptre of Torment {pain, torment}
 39724 | D:13     | Got a fine amber ring
 39726 | D:13     | Identified the ring "Iluom" {rElec rF+ Str+2 Int+6} (You
                  | found it on level 13 of the Dungeon)
 39736 | D:13     | Learned a level 4 spell: Passage of Golubria
 40105 | D:14     | Noticed Roxanne
 40502 | D:14     | Reached skill level 12 in Spellcasting
 41006 | D:14     | Reached skill level 10 in Fighting
 41006 | D:14     | Reached skill level 10 in Short Blades
 41006 | D:14     | Reached skill level 10 in Long Blades
 41006 | D:14     | Reached skill level 10 in Axes
 41006 | D:14     | Reached skill level 10 in Maces & Flails
 41006 | D:14     | Reached skill level 10 in Polearms
 41006 | D:14     | Reached skill level 10 in Staves
 41006 | D:14     | Reached skill level 10 in Slings
 41006 | D:14     | Reached skill level 10 in Bows
 41006 | D:14     | Reached skill level 10 in Crossbows
 41006 | D:14     | Reached skill level 10 in Throwing
 41006 | D:14     | Reached skill level 10 in Armour
 41006 | D:14     | Reached skill level 10 in Shields
 41006 | D:14     | Reached skill level 10 in Unarmed Combat
 41006 | D:14     | Reached skill level 10 in Evocations
 41432 | Orc:1    | Entered Level 1 of the Orcish Mines
 42115 | Orc:2    | Entered Level 2 of the Orcish Mines
 42118 | Orc:2    | Found a staircase to the Elven Halls.
 42185 | Orc:2    | Found a roughly hewn altar of Beogh.
 43319 | Orc:2    | Found Odoeres's Magic Scroll Shop.
 43331 | Orc:2    | Found Muun's Distillery.
 43344 | Orc:2    | Reached skill level 11 in Dodging
 44237 | Orc:2    | HP: 19/115 [soul eater/drain life (17)]
 44655 | Orc:2    | Reached skill level 11 in Invocations
 44817 | Orc:2    | Identified a +1 robe of resistance
 44848 | Orc:2    | Identified a +2 robe of resistance
 45048 | Orc:2    | Reached skill level 11 in Stealth
 45055 | Orc:2    | Found Kenagass's Antique Weapon Shoppe.
 45055 | Orc:2    | Found a one-way gate leading to the halls of Pandemonium.
 45055 | Orc:2    | Found Foer's Gadget Emporium.
 46071 | D:15     | Entered Level 15 of the Dungeon
 46245 | D:15     | Found a staircase to the Depths.
 46280 | D:15     | Reached skill level 9 in Conjurations
 46280 | D:15     | Reached skill level 9 in Summonings
 46280 | D:15     | Reached skill level 9 in Translocations
 46849 | D:15     | Found a portal to a secret trove of treasure.
 47610 | Lair:6   | Identified a potion of resistance
 47799 | Snake:1  | Entered Level 1 of the Snake Pit
 48416 | Snake:1  | Reached XP level 16. HP: 109/123 MP: 32/32
 48519 | Snake:2  | Noticed Aizul
 48546 | Snake:1  | Killed Aizul
 48964 | D:6      | Bought a creamy pearl robe for 119 gold pieces
 48978 | D:6      | Identified the +1 robe of Barnacled Fun {rElec rF- Str+4
                  | Dex+4} (You bought it in a shop on level 6 of the Dungeon)
 49667 | Snake:2  | Noticed a nagaraja
 49910 | Snake:1  | Bought a heavily runed iron ring for 120 gold pieces
 49916 | Snake:1  | Identified the ring "Mahachih" {Ice *Slow rPois Dex+3} (You
                  | bought it in a shop on level 1 of the Snake Pit)
 49929 | Snake:1  | Bought a scroll of teleportation for 72 gold pieces
 49929 | Snake:1  | Bought a scroll of enchant weapon for 180 gold pieces
 49929 | Snake:1  | Bought a scroll of identify for 48 gold pieces
 49952 | Snake:1  | Reached skill level 9 in Hexes
 49952 | Snake:1  | Reached skill level 9 in Necromancy
 49952 | Snake:1  | Reached skill level 9 in Transmutations
 49952 | Snake:1  | Reached skill level 9 in Fire Magic
 49952 | Snake:1  | Reached skill level 9 in Ice Magic
 49952 | Snake:1  | Reached skill level 9 in Air Magic
 49952 | Snake:1  | Reached skill level 9 in Earth Magic
 49952 | Snake:1  | Reached skill level 9 in Poison Magic
 51753 | Snake:2  | Killed a nagaraja
 52189 | Snake:2  | Found Ducaf's Antique Armour Emporium.
 52197 | Snake:2  | Bought a transparent ring mail for 234 gold pieces
 52213 | Snake:2  | Identified the cursed +0 ring mail of Tenacity {rPois Str-5
                  | Slay+3} (You bought it in a shop on level 2 of the Snake
                  | Pit)
 52410 | Snake:3  | HP: 37/124 [shock serpent/bolt of electricity (7)]
 52893 | Snake:3  | Noticed a nagaraja
 53918 | Snake:3  | Killed a nagaraja
 53918 | Snake:3  | Reached skill level 11 in Fighting
 53918 | Snake:3  | Reached skill level 11 in Short Blades
 53918 | Snake:3  | Reached skill level 11 in Long Blades
 53918 | Snake:3  | Reached skill level 11 in Axes
 53918 | Snake:3  | Reached skill level 11 in Maces & Flails
 53918 | Snake:3  | Reached skill level 11 in Polearms
 53918 | Snake:3  | Reached skill level 11 in Staves
 53918 | Snake:3  | Reached skill level 11 in Slings
 53918 | Snake:3  | Reached skill level 11 in Bows
 53918 | Snake:3  | Reached skill level 11 in Crossbows
 53918 | Snake:3  | Reached skill level 11 in Throwing
 53918 | Snake:3  | Reached skill level 11 in Armour
 53918 | Snake:3  | Reached skill level 11 in Shields
 53918 | Snake:3  | Reached skill level 11 in Unarmed Combat
 53918 | Snake:3  | Reached skill level 11 in Evocations
 54832 | Snake:4  | Entered Level 4 of the Snake Pit
 54899 | Snake:4  | Reached skill level 12 in Invocations
 55686 | Snake:4  | Reached skill level 12 in Dodging
 55944 | Snake:4  | Reached XP level 17. HP: 131/131 MP: 30/33
 55966 | Snake:4  | Reached skill level 13 in Spellcasting
 56927 | Snake:4  | Reached skill level 12 in Stealth
 57592 | Snake:4  | Reached skill level 10 in Conjurations
 57592 | Snake:4  | Reached skill level 10 in Summonings
 57592 | Snake:4  | Reached skill level 10 in Translocations
 58022 | Snake:4  | Got a serpentine rune of Zot
 59066 | D:15     | Got a spiked troll leather armour
 59077 | D:15     | Identified the cursed +0 troll leather armour "Tevi" {rC+
                  | Regen+ Str+2 Int-4} (You found it on level 15 of the
                  | Dungeon)
 59471 | Vaults:1 | Entered Level 1 of the Vaults
 59482 | D:13     | Bought a book of Clouds for 855 gold pieces
 59491 | D:13     | Learned a level 6 spell: Freezing Cloud
 60252 | Vaults:1 | Got a smelly plate armour
 60268 | Vaults:1 | Identified the +1 plate armour of Submission {rPois Dex+2}
                  | (You found it on level 1 of the Vaults)
 60411 | Vaults:1 | Reached skill level 10 in Hexes
 60411 | Vaults:1 | Reached skill level 10 in Necromancy
 60411 | Vaults:1 | Reached skill level 10 in Transmutations
 60411 | Vaults:1 | Reached skill level 10 in Fire Magic
 60411 | Vaults:1 | Reached skill level 10 in Ice Magic
 60411 | Vaults:1 | Reached skill level 10 in Air Magic
 60411 | Vaults:1 | Reached skill level 10 in Earth Magic
 60411 | Vaults:1 | Reached skill level 10 in Poison Magic
 61515 | Vaults:1 | Reached XP level 18. HP: 136/140 MP: 35/35
 61702 | Vaults:1 | HP: 40/140 [yaktaur captain/bolt (36)]
 62052 | Vaults:1 | Noticed Donald
 62068 | Vaults:1 | Killed Donald
 62823 | Vaults:1 | Reached skill level 12 in Fighting
 62823 | Vaults:1 | Reached skill level 12 in Short Blades
 62823 | Vaults:1 | Reached skill level 12 in Long Blades
 62823 | Vaults:1 | Reached skill level 12 in Axes
 62823 | Vaults:1 | Reached skill level 12 in Maces & Flails
 62823 | Vaults:1 | Reached skill level 12 in Polearms
 62823 | Vaults:1 | Reached skill level 12 in Staves
 62823 | Vaults:1 | Reached skill level 12 in Slings
 62823 | Vaults:1 | Reached skill level 12 in Bows
 62823 | Vaults:1 | Reached skill level 12 in Crossbows
 62823 | Vaults:1 | Reached skill level 12 in Throwing
 62823 | Vaults:1 | Reached skill level 12 in Armour
 62823 | Vaults:1 | Reached skill level 12 in Shields
 62823 | Vaults:1 | Reached skill level 12 in Unarmed Combat
 62823 | Vaults:1 | Reached skill level 12 in Evocations
 62910 | Vaults:1 | Reached skill level 13 in Invocations
 63332 | Vaults:1 | Bought a paperback book for 510 gold pieces
 63332 | Vaults:1 | Bought a potion of heal wounds for 170 gold pieces
 63342 | Vaults:1 | Learned a level 8 spell: Ignition
 64648 | Lair:1   | Identified a scroll of acquirement
 64648 | Lair:1   | Acquired Further Steps in Sorcery
 64659 | Lair:1   | Learned a level 5 spell: Irradiate
 64666 | Lair:1   | Learned a level 5 spell: Borgnjor's Vile Clutch
 64835 | D:10     | Got a warped robe
 64841 | D:10     | Identified the +0 robe of the Meadowlark {-Tele rC+ MR+
                  | Str+3} (You found it on level 10 of the Dungeon)
 64983 | D:6      | Bought a runed robe for 77 gold pieces
 65169 | Snake:2  | Bought an embroidered robe for 96 gold pieces
 65317 | Shoals:1 | Entered Level 1 of the Shoals
 66726 | Shoals:2 | Reached skill level 13 in Dodging
 67505 | Shoals:2 | Found Luq Gare's Book Boutique.
 67507 | Shoals:2 | Bought Gicogueru's Compendium of Twisted Stolen Souls for
                  | 1237 gold pieces
 67509 | Shoals:2 | Bought a book of Summonings for 1050 gold pieces
 67520 | Shoals:2 | Learned a level 6 spell: Shadow Creatures
 68260 | Shoals:3 | HP: 40/141 [merfolk javelineer/silver javelin (15)]
 68728 | Shoals:3 | Reached skill level 13 in Stealth
 69271 | Shoals:3 | Reached skill level 14 in Spellcasting
 69450 | Shoals:4 | Entered Level 4 of the Shoals
 69831 | Shoals:3 | HP: 38/141 [drowned by a water elemental (6)]
 69833 | Shoals:3 | HP: 4/141 [merfolk aquamancer/shard of ice (30)]
 69834 | Shoals:3 | Mangled by a sea snake

Vanquished Creatures
  A sphinx (Vaults:1)
  4 nagarajas
  Aizul (Snake:1)
  2 vault wardens (Vaults:1)
  A fire giant (Vaults:1)
  An ironheart preserver (Vaults:2)
  3 stone giants
  A minotaur (D:13)
  3 merfolk impalers
  A merfolk javelineer (Shoals:3)
  Snorg (D:11)
  2 fire dragons
  2 rakshasas (Vaults:1)
  An ogre mage (Vaults:2)
  9 hydras
  Erolcha (D:13)
  5 yaktaur captains (Vaults:1)
  A merfolk avatar (Shoals:1)
  6 anacondas
  3 centaur warriors
  4 two-headed ogres
  12 naga warriors
  11 death yaks
  A merfolk aquamancer (Shoals:2)
  6 naga sharpshooters
  2 orc high priests (Orc:2)
  8 shock serpents
  3 skeletal warriors (Vaults:1)
  2 salamander mystics
  A sun demon (Orc:2)
  A flayed ghost (Vaults:1)
  2 wizards (Vaults:1)
  7 sea snakes
  A torturous demonspawn (Orc:2)
  4 naga ritualists
  4 unseen horrors
  5 lindwurms
  8 orc knights
  Pikel (D:6)
  4 harpies (Shoals:1)
  2 ironbrand convokers (Vaults:1)
  A phantasmal warrior (D:15)
  4 necromancers
  2 orc sorcerers
  A fire giant zombie (Vaults:1)
  3 mana vipers
  10 cyclopes
  2 fauns
  12 ugly things
  9 salamanders
  2 wolf spiders
  7 manticores
  A vault sentinel (Vaults:1)
  A guardian serpent (shapeshifter) (Vaults:1)
  A rust devil (Orc:2)
  6 merfolk sirens
  3 molten gargoyles
  6 naga magi
  3 guardian serpents
  32 black mambas
  2 rime drakes
  4 gargoyles
  15 cane toads
  A yaktaur zombie (Vaults:1)
  13 yaktaurs
  14 komodo dragons
  A redback zombie (D:14)
  4 trolls
  3 tengu conjurers
  2 polar bears (shapeshifter)
  2 ettin zombies
  2 wind drakes
  18 merfolk
  A tengu simulacrum (Vaults:1)
  18 slime creatures
  16 hippogriffs
  7 dream sheep
  A stone giant simulacrum (Vaults:1)
  3 snapping turtles (Shoals:1)
  A spriggan (Lair:1)
  A vampire (D:13)
  3 shadows
  7 water elementals
  A wraith (D:14)
  An ice dragon skeleton (D:15)
  4 wyverns
  30 yaks
  7 basilisks
  A steam dragon (Lair:6)
  2 wargs (Orc:1)
  31 nagas
  An ogre zombie (Vaults:1)
  An acid dragon (D:15)
  10 water moccasins
  4 hell hounds
  6 porcupines
  A tengu skeleton (D:15)
  12 orc warriors
  A hornet zombie (D:11)
  6 ice beasts
  2 black bears
  A necrophage (D:8)
  A black bear (shapeshifter) (Vaults:2)
  4 sky beasts
  8 ogres
  An orc skeleton (Vaults:1)
  3 phantoms
  8 wolves
  13 centaurs
  10 crocodiles
  4 big kobolds
  22 bullfrogs
  A deep troll simulacrum (Vaults:1)
  A human skeleton (Vaults:1)
  Dowan (D:7)
  A wyvern zombie (D:14)
  8 scorpions
  7 wights
  An orc simulacrum (Vaults:1)
  3 killer bees (D:13)
  3 electric eels (D:13)
  5 howler monkeys
  3 centaur zombies
  5 lava snakes (Lair:6)
  A bullfrog zombie (D:6)
  6 jellies
  3 centaur skeletons
  2 bullfrog skeletons
  15 orc priests
  4 hounds
  3 iron imps (D:9)
  An iguana (D:6)
  23 orc wizards
  7 worker ants
  A hound zombie (D:7)
  2 hound skeletons
  11 gnolls
  8 adders
  A shadow imp (D:8)
  3 white imps
  An ufetubus (D:6)
  3 adder zombies
  4 worms
  A dart slug (D:5)
  7 leopard geckos
  55 orcs
  7 giant cockroaches
  8 goblins
  8 hobgoblins
  20 jackals
  28 kobolds
  7 quokkas
  A ball python (D:2)
  8 bats
  7 frilled lizards
  A jackal skeleton (D:4)
  A leopard gecko skeleton (D:6)
  2 rats (D:1)
878 creatures vanquished.

Vanquished Creatures (collateral kills)
  Donald (Vaults:1)
  3 nagarajas (Snake:4)
  A minotaur (D:13)
  A great orb of eyes (Vaults:1)
  2 merfolk impalers
  2 yaktaur captains
  An ice dragon (Vaults:1)
  7 naga warriors
  An anaconda (Snake:4)
  3 merfolk avatars
  A centaur warrior (Vaults:1)
  An alligator snapping turtle (Shoals:1)
  2 two-headed ogres
  A merfolk aquamancer (Shoals:3)
  A death yak (D:13)
  3 orc high priests (Orc:2)
  A deep elf knight (Vaults:1)
  2 naga sharpshooters
  A soul eater (Orc:2)
  3 skeletal warriors
  4 sea snakes
  A deep elf archer (Vaults:2)
  An infernal demonspawn (Orc:2)
  An unseen horror (Vaults:1)
  3 naga ritualists
  An ironbrand convoker (Vaults:1)
  2 harpies
  An orc knight (Orc:2)
  A necromancer (Vaults:1)
  2 mana vipers
  2 salamanders
  6 orc sorcerers
  A human zombie (Vaults:1)
  6 ugly things
  A frost giant zombie (Vaults:1)
  4 manticores
  14 black mambas
  3 merfolk sirens (Shoals:3)
  12 naga magi
  2 orc zombies (Vaults:1)
  2 orange demons (D:15)
  3 guardian serpents
  4 water nymphs
  A smoke demon (Orc:2)
  An efreet (D:14)
  6 yaktaurs
  A rime drake (D:15)
  A spriggan skeleton (D:15)
  An entropy weaver simulacrum (Vaults:1)
  2 guardian mummies (D:15)
  A hellwing (Orc:2)
  A troll (D:13)
  A wind drake (Shoals:1)
  5 merfolk
  A hornet (Vaults:2)
  3 slime creatures
  6 snapping turtles
  A hippogriff (Shoals:1)
  8 yaks
  A wraith (D:15)
  A centaur simulacrum (D:15)
  4 water elementals
  A wyvern (D:14)
  36 nagas
  Duvessa (D:7)
  5 acid dragons
  16 orc warriors
  An ettin simulacrum (Vaults:1)
  An eye of draining (D:13)
  A phantom (D:4)
  2 ogres
  2 human skeletons (Vaults:1)
  6 centaurs
  A big kobold (D:12)
  2 bullfrogs
  2 scorpions (D:15)
  A killer bee (D:13)
  6 wights
  A hound (D:14)
  A jelly (D:13)
  10 orc priests
  9 orc wizards
  Robin (D:3)
  5 gnolls (D:13)
  An adder (D:7)
  24 orcs
  A hobgoblin (D:3)
  A quokka (D:11)
  7 kobolds (D:12)
306 creatures vanquished.

Vanquished Creatures (others)
  2 dancing weapons (D:13)
  A death yak (D:13)
  An orc wizard (D:5)
  4 bushes
  75 fungi
  106 plants
  8 withered plants (D:15)
197 creatures vanquished.

Grand Total: 1381 creatures vanquished
